MLB
TORONTO BLUE JAYS @ TEXAS RANGERS
06/17/2047
 
TOP OF THE 1ST
Toronto Blue Jays batting - Pitching for Texas Rangers : RHP Larry Legros
Pitching: RHP Larry Legros
Batting: RHB David Casas 0-0: Ground out 5-3 (Groundball, 5, EV 81.9 MPH)
Batting: SHB Matt Altieri 0-0: Ball
1-0: Ball
2-0: Foul Ball, location: 2F
2-1: SINGLE (Groundball, 13S, EV 63.8 MPH) (infield hit)
Batting: LHB Willis Robles 0-0: Ball
1-0: 2-RUN HOME RUN (Line Drive, 7LD, EV 97.5 MPH), Distance : 367 ft
Batting: LHB Jon Schick 0-0: Ball
1-0: Ball
2-0: Called Strike
2-1: Ball
3-1: Base on Balls
Batting: LHB Michael Byrd 0-0: Called Strike
0-1: Foul Ball, location: 2F
0-2: Ball
1-2: Foul Ball, location: 2F
1-2: Foul Ball, location: 2F
1-2: Foul Ball, location: 2F
1-2: Fielders Choice at 2nd, 4-6 (Groundball, 4, EV 90.6 MPH)
Batting: SHB Mark Rennie 0-0: Called Strike
Michael Byrd is caught stealing 2nd base 2-6
Top of the 1st over - 2 runs, 2 hits, 0 errors, 0 left on base; Toronto 2 - Texas 0
BOTTOM OF THE 1ST
Texas Rangers batting - Pitching for Toronto Blue Jays : RHP Zack Rust
Pitching: RHP Zack Rust
Batting: SHB Jun Tsuda 0-0: Swinging Strike
0-1: Ball
1-1: Swinging Strike
1-2: Strikes out swinging
Batting: SHB John Giesbrecht 0-0: Fly out, F7 (Flyball, 78XD, EV 110.6 MPH)
Batting: LHB Andy Bowman 0-0: Foul Ball, location: 2F
0-1: Ball
1-1: Called Strike
1-2: DOUBLE (Groundball, 5L, EV 104.4 MPH)
Batting: RHB Butch Kaiser 0-0: Foul Ball, location: 2F
0-1: Ball
1-1: Called Strike
1-2: Foul Ball, location: 2F
1-2: Strikes out swinging
Bottom of the 1st over - 0 runs, 1 hit, 0 errors, 1 left on base; Toronto 2 - Texas 0
TOP OF THE 2ND
Toronto Blue Jays batting - Pitching for Texas Rangers : RHP Larry Legros
Batting: SHB Mark Rennie 0-0: Ball
1-0: SINGLE (Groundball, 4MS, EV 68.8 MPH) (infield hit)
Batting: LHB Nate Dean 0-0: Called Strike
0-1: Called Strike
0-2: Ball
1-2: Strikes out swinging
Batting: RHB Danny Burnside 0-0: Ball
1-0: Ball
2-0: Ball
3-0: Called Strike
3-1: Swinging Strike
3-2: Foul Ball, location: 2F
3-2: Base on Balls
Mark Rennie to second
Batting: SHB Dylan Novakowski 0-0: Ball
1-0: Ball
2-0: Grounds into double play, 4-6-3 (Groundball, 4, EV 103.8 MPH)
Top of the 2nd over - 0 runs, 1 hit, 0 errors, 1 left on base; Toronto 2 - Texas 0
BOTTOM OF THE 2ND
Texas Rangers batting - Pitching for Toronto Blue Jays : RHP Zack Rust
Batting: LHB Sean Geisler 0-0: Swinging Strike
0-1: Ball
1-1: DOUBLE (Line Drive, 78D, EV 106.9 MPH)
Batting: RHB Zhao-ji Chi 0-0: Ball
1-0: Ball
2-0: 2-RUN HOME RUN (Flyball, 9D, EV 96.9 MPH), Distance : 371 ft
Batting: RHB Ray Llewellyn 0-0: Ball
1-0: Called Strike
1-1: Swinging Strike
1-2: Ball
2-2: Ball
3-2: Base on Balls
Batting: LHB Cody Schumacher 0-0: Swinging Strike
0-1: Called Strike
Ray Llewellyn is caught stealing 2nd base 2-6
0-2: Strikes out looking
Batting: RHB Danny Heyer 0-0: SINGLE (Groundball, 6D, EV 95.6 MPH)
Batting: SHB Jun Tsuda 0-0: Ball
Pickoff Throw to First - Out! 1-3
Bottom of the 2nd over - 2 runs, 3 hits, 0 errors, 0 left on base; Toronto 2 - Texas 2
TOP OF THE 3RD
Toronto Blue Jays batting - Pitching for Texas Rangers : RHP Larry Legros
Batting: RHB David Casas 0-0: Swinging Strike
0-1: Ground out 6-3 (Groundball, 6MS, EV 83.8 MPH)
Batting: SHB Matt Altieri 0-0: Ball
1-0: Foul Ball, location: 2F
1-1: Called Strike
1-2: Ground out 5-3 (Groundball, 56, EV 91.9 MPH)
Batting: LHB Willis Robles 0-0: Ball
1-0: Called Strike
1-1: SINGLE (Line Drive, 8RS, EV 111.2 MPH)
Batting: LHB Jon Schick 0-0: Ball
1-0: Ball
2-0: Ground out 1-3 (Groundball, 13S, EV 68.1 MPH)
Top of the 3rd over - 0 runs, 1 hit, 0 errors, 1 left on base; Toronto 2 - Texas 2
BOTTOM OF THE 3RD
Texas Rangers batting - Pitching for Toronto Blue Jays : RHP Zack Rust
Batting: SHB Jun Tsuda 0-0: Ball
1-0: Foul Ball, location: 2F
1-1: Called Strike
1-2: Ball
2-2: Foul Ball, location: 2F
2-2: Hit by Pitch
Batting: SHB John Giesbrecht 0-0: Called Strike
Jun Tsuda steals 2nd base
0-1: Swinging Strike
0-2: Ball
1-2: Strikes out swinging
Batting: LHB Andy Bowman 0-0: Fly out, F9 (Flyball, 9LM, EV 85.6 MPH)
Runner from 2nd tags up, SAFE at 3rd, no throw by RF
Batting: RHB Butch Kaiser 0-0: Foul Ball, location: 2F
0-1: Ball
1-1: Foul Ball, location: 2F
1-2: Foul Ball, location: 2F
1-2: SINGLE (Line Drive, 8LS, EV 102.5 MPH)
Jun Tsuda scores
Batting: LHB Sean Geisler 0-0: Called Strike
0-1: Ground out 4-3 (Groundball, 4, EV 105.0 MPH)
Bottom of the 3rd over - 1 run, 1 hit, 0 errors, 1 left on base; Toronto 2 - Texas 3
TOP OF THE 4TH
Toronto Blue Jays batting - Pitching for Texas Rangers : RHP Larry Legros
Batting: LHB Michael Byrd 0-0: Ball
1-0: Ball
2-0: Called Strike
2-1: Ball
3-1: Foul Ball, location: 2F
3-2: Strikes out looking
Batting: SHB Mark Rennie 0-0: Called Strike
0-1: Ball
1-1: Swinging Strike
1-2: Strikes out swinging
Batting: LHB Nate Dean 0-0: Ball
1-0: Ball
2-0: Swinging Strike
2-1: Called Strike
2-2: Foul Ball, location: 2F
2-2: Ball
3-2: Foul Ball, location: 2F
3-2: Foul Ball, location: 2F
3-2: Strikes out swinging
Top of the 4th over - 0 runs, 0 hits, 0 errors, 0 left on base; Toronto 2 - Texas 3
BOTTOM OF THE 4TH
Texas Rangers batting - Pitching for Toronto Blue Jays : RHP Zack Rust
Batting: RHB Zhao-ji Chi 0-0: Ground out 5-3 (Groundball, 5S, EV 85.0 MPH)
Batting: RHB Ray Llewellyn 0-0: Swinging Strike
0-1: Ball
1-1: Ground out 5-3 (Groundball, 5, EV 84.4 MPH)
Batting: LHB Cody Schumacher 0-0: Swinging Strike
0-1: Ball
1-1: Called Strike
1-2: Strikes out swinging
Bottom of the 4th over - 0 runs, 0 hits, 0 errors, 0 left on base; Toronto 2 - Texas 3
TOP OF THE 5TH
Toronto Blue Jays batting - Pitching for Texas Rangers : RHP Larry Legros
Batting: RHB Danny Burnside 0-0: Foul Ball, location: 2F
0-1: Ball
1-1: Ball
2-1: Foul Ball, location: 2F
2-2: SINGLE (Line Drive, 78S, EV 104.4 MPH)
Batting: SHB Dylan Novakowski 0-0: Ball
1-0: Called Strike
1-1: 2-RUN HOME RUN (Flyball, 9D, EV 96.2 MPH), Distance : 364 ft
Batting: RHB David Casas 0-0: Ball
1-0: Swinging Strike
1-1: Ball
2-1: DOUBLE (Groundball, 5L, EV 109.4 MPH)
Batting: SHB Matt Altieri 0-0: Ball
1-0: Ground out U3 (Groundball, 34, EV 106.9 MPH)
David Casas to third
Batting: LHB Willis Robles 0-0: Ball
1-0: Ball
2-0: Ball
3-0: Called Strike
3-1: Foul Ball, location: 2F
3-2: Strikes out swinging
Batting: LHB Jon Schick 0-0: Called Strike
0-1: Foul Ball, location: 2F
0-2: Foul Ball, location: 2F
0-2: Foul Ball, location: 2F
0-2: Ball
1-2: Foul Ball, location: 2F
1-2: Ball
2-2: Ball
3-2: Fly out, F8 (Flyball, 8LXD, EV 105.0 MPH)
Top of the 5th over - 2 runs, 3 hits, 0 errors, 1 left on base; Toronto 4 - Texas 3
BOTTOM OF THE 5TH
Texas Rangers batting - Pitching for Toronto Blue Jays : RHP Zack Rust
Batting: RHB Danny Heyer 0-0: Ball
1-0: Called Strike
1-1: Swinging Strike
1-2: Foul Ball, location: 2F
1-2: Strikes out swinging
Batting: SHB Jun Tsuda 0-0: Ball
1-0: SINGLE (Line Drive, 56D, EV 101.2 MPH)
Batting: SHB John Giesbrecht 0-0: Ball
Jun Tsuda steals 2nd base
1-0: Foul Ball, location: 2F
1-1: Foul Ball, location: 2F
1-2: Foul Ball, location: 2F
1-2: Ground out 4-3 (Groundball, 4M, EV 85.0 MPH)
Jun Tsuda to third
Batting: LHB Andy Bowman 0-0: Ball
1-0: DOUBLE (Line Drive, 78M, EV 110.6 MPH)
Jun Tsuda scores
Batting: RHB Butch Kaiser 0-0: Swinging Strike
0-1: Ball
1-1: Foul Ball, location: 2F
1-2: Ball
2-2: Ball
3-2: Base on Balls
Batting: LHB Sean Geisler 0-0: Ball
1-0: Ball
2-0: Called Strike
2-1: DOUBLE (Groundball, 5L, EV 106.2 MPH)
Andy Bowman scores
Butch Kaiser to third
Runner from 3rd tries for Home, SAFE, no throw by LF
Pitching: RHP Justin Sedivy
Batting: RHB Zhao-ji Chi 0-0: Ball
1-0: Swinging Strike
1-1: Ball
2-1: Swinging Strike
2-2: Ball
3-2: Strikes out looking
Bottom of the 5th over - 3 runs, 3 hits, 0 errors, 1 left on base; Toronto 4 - Texas 6
TOP OF THE 6TH
Toronto Blue Jays batting - Pitching for Texas Rangers : RHP Larry Legros
Batting: LHB Michael Byrd 0-0: Ball
1-0: Ground out 5-3 (Groundball, 56, EV 93.1 MPH)
Batting: SHB Mark Rennie 0-0: Called Strike
0-1: Ball
1-1: Ball
2-1: Called Strike
2-2: Ball
3-2: Foul Ball, location: 2F
3-2: Fly out, F9 (Flyball, 9LMF, EV 88.1 MPH)
Batting: LHB Nate Dean 0-0: Called Strike
0-1: Swinging Strike
0-2: Ball
1-2: Fly out, F7 (Line Drive, 7, EV 86.9 MPH)
Top of the 6th over - 0 runs, 0 hits, 0 errors, 0 left on base; Toronto 4 - Texas 6
BOTTOM OF THE 6TH
Texas Rangers batting - Pitching for Toronto Blue Jays : RHP Justin Sedivy
Batting: RHB Ray Llewellyn 0-0: Foul Ball, location: 2F
0-1: Ball
1-1: Called Strike
1-2: Foul Ball, location: 2F
1-2: Ball
2-2: Ball
3-2: Foul Ball, location: 2F
3-2: Base on Balls
Batting: LHB Cody Schumacher 0-0: 2-RUN HOME RUN (Flyball, 7D, EV 97.5 MPH), Distance : 375 ft
Batting: RHB Danny Heyer 0-0: Called Strike
0-1: Ball
1-1: Foul Ball, location: 2F
1-2: Ball
2-2: Ball
3-2: Strikes out looking
Batting: SHB Jun Tsuda 0-0: Ball
1-0: Ball
2-0: Ball
3-0: Ground out 4-3 (Groundball, 4, EV 81.2 MPH)
Batting: SHB John Giesbrecht 0-0: Ball
1-0: Called Strike
1-1: Called Strike
1-2: Ball
2-2: Ball
3-2: Foul Ball, location: 2F
3-2: Ground out 3-1 (Groundball, 34S, EV 83.1 MPH)
Bottom of the 6th over - 2 runs, 1 hit, 0 errors, 0 left on base; Toronto 4 - Texas 8
TOP OF THE 7TH
Toronto Blue Jays batting - Pitching for Texas Rangers : RHP Larry Legros
Pitching: RHP Brad Kramer
Batting: RHB Danny Burnside 0-0: Called Strike
0-1: Foul Ball, location: 2F
0-2: Ball
1-2: Fly out, F9 (Flyball, 9D, EV 100.0 MPH)
Batting: SHB Dylan Novakowski 0-0: Ball
1-0: Swinging Strike
1-1: Foul Ball, location: 2F
1-2: Strikes out swinging
Batting: RHB David Casas 0-0: Ball
1-0: Foul Ball, location: 2F
1-1: Fly out, F2 (Popup, 15S, EV 83.8 MPH)
Top of the 7th over - 0 runs, 0 hits, 0 errors, 0 left on base; Toronto 4 - Texas 8
BOTTOM OF THE 7TH
Texas Rangers batting - Pitching for Toronto Blue Jays : RHP Justin Sedivy
Pitching: RHP Bobby Wright
Batting: LHB Andy Bowman 0-0: Called Strike
0-1: Called Strike
0-2: Ball
1-2: Ball
2-2: Ball
3-2: Foul Ball, location: 2F
3-2: Foul Ball, location: 2F
3-2: Base on Balls
Batting: RHB Butch Kaiser 0-0: Called Strike
Andy Bowman is caught stealing 2nd base 2-4
0-1: Swinging Strike
0-2: Foul Ball, location: 2F
0-2: Foul Ball, location: 2F
0-2: Foul Ball, location: 2F
0-2: Ball
1-2: Fly out, F9 (Flyball, 89S, EV 89.4 MPH)
Batting: LHB Sean Geisler 0-0: Ball
1-0: Foul Ball, location: 2F
1-1: Called Strike
1-2: Foul Ball, location: 2F
1-2: Ball
2-2: Foul Ball, location: 2F
2-2: Ball
3-2: Strikes out looking
Bottom of the 7th over - 0 runs, 0 hits, 0 errors, 0 left on base; Toronto 4 - Texas 8
TOP OF THE 8TH
Toronto Blue Jays batting - Pitching for Texas Rangers : RHP Brad Kramer
Batting: SHB Matt Altieri 0-0: Called Strike
0-1: Ball
1-1: Ball
2-1: Fly out, F8 (Flyball, 89M, EV 85.0 MPH)
Batting: LHB Willis Robles 0-0: Called Strike
0-1: Ball
1-1: Swinging Strike
1-2: Strikes out swinging
Batting: LHB Jon Schick 0-0: Called Strike
0-1: Swinging Strike
0-2: Ball
1-2: Fly out, F8 (Flyball, 8RS, EV 91.9 MPH)
Top of the 8th over - 0 runs, 0 hits, 0 errors, 0 left on base; Toronto 4 - Texas 8
BOTTOM OF THE 8TH
Texas Rangers batting - Pitching for Toronto Blue Jays : RHP Bobby Wright
Batting: RHB Zhao-ji Chi 0-0: Called Strike
0-1: Ball
1-1: Ball
2-1: Swinging Strike
2-2: Hit by Pitch
Batting: RHB Ray Llewellyn 0-0: Called Strike
Zhao-ji Chi is caught stealing 2nd base 2-4
0-1: Foul Ball, location: 2F
0-2: Foul Ball, location: 2F
0-2: Strikes out swinging, 2-3 out at first.
Batting: LHB Cody Schumacher 0-0: Called Strike
0-1: Ground out 4-3 (Groundball, 4M, EV 86.2 MPH)
Bottom of the 8th over - 0 runs, 0 hits, 0 errors, 0 left on base; Toronto 4 - Texas 8
TOP OF THE 9TH
Toronto Blue Jays batting - Pitching for Texas Rangers : RHP Brad Kramer
Pitching: RHP Mike Webb
Batting: LHB Michael Byrd 0-0: Foul Ball, location: 2F
0-1: Swinging Strike
0-2: DOUBLE (Line Drive, 7LM, EV 113.1 MPH)
Batting: SHB Mark Rennie 0-0: Ball
1-0: Ball
2-0: Called Strike
2-1: Swinging Strike
2-2: Strikes out swinging
Batting: LHB Nate Dean 0-0: Called Strike
0-1: Ball
1-1: Ball
2-1: Ball
3-1: Called Strike
3-2: Foul Ball, location: 2F
3-2: Foul Ball, location: 2F
3-2: Strikes out swinging
Batting: RHB Danny Burnside 0-0: Swinging Strike
0-1: Ball
1-1: Foul Ball, location: 2F
1-2: Ball
2-2: Ball
3-2: Base on Balls
Pitching: RHP Mark Lopez
Batting: SHB Dylan Novakowski 0-0: Fly out, F4 (Flyball, 4MD, EV 86.9 MPH)
Top of the 9th over - 0 runs, 1 hit, 0 errors, 2 left on base; Toronto 4 - Texas 8
Thursday, December 15th , 2022 - OOTP Baseball 23.9 Build 102